 Dungeon Crawl Stone Soup version 0.29.0-5-ge4962eb29e (webtiles) character file.

Game seed: 8517469321142055418

72 PieDemon the Chopper (level 4, -1/38 HPs)
             Began as a Meteoran Abyssal Knight on Aug 29, 2022.
             Was a Priest of Lugonu.
             Slain by a mummy (10 damage)
             ... in an ossuary.
             The game lasted 00:06:14 (696 turns).

PieDemon the Chopper (Meteoran Abyssal Knight)       Turns: 696, Time: 00:06:14

Health: -1/38      AC:  3    Str: 16    XL:     4   Next: 79%
Magic:  7/7        EV: 11    Int: 12    God:    Lugonu [***...]
Gold:   130        SH:  0    Dex: 14    Spells: 3/3 levels left

rFire   . . .      SeeInvis .   a - +1 hand axe
rCold   . . .      Faith    +   (no shield)
rNeg    . . .      Spirit   .   b - +0 leather armour
rPois   .          Reflect  .   (no helmet)
rElec   .          Harm     .   (no cloak)
rCorr   .          Rampage  .   (no gloves)
Will    .....                   (no boots)
Stlth   +.........              l - amulet of faith
HPRegen 0.12/turn               (no ring)
MPRegen 0.10/turn               (no ring)

@: marked, glowing
A: sense surroundings 1, otherworldly, glowing, explore regen
a: Renounce Religion, Depart the Abyss, Bend Space, Banish


You were in an ossuary.
You worshipped Lugonu.
Lugonu was most pleased with you.
You visited 1 branch of the dungeon, and saw 4 of its levels.
You visited the Abyss 1 time.
You also visited: Ossuary.

You collected 130 gold pieces.

Inventory:

Hand Weapons
 a - a +1 hand axe (weapon)
 i - a +0 mace
Missiles
 n - 3 poisoned darts
 o - 2 boomerangs
Armour
 b - a +0 leather armour (worn)
 c - an orb of energy
Jewellery
 l - an amulet of faith (around neck)
Scrolls
 e - a scroll of enchant armour {unknown}
 f - a scroll of amnesia {unknown}
 g - a scroll of magic mapping
 j - a scroll of poison {unknown}
 k - a scroll of identify {unknown}
 m - a scroll of torment {unknown}
 p - a scroll of teleportation {unknown}
Potions
 d - a potion of curing {unknown}
 h - a potion of mutation {unknown}


   Skills:
 - Level 3.2 Fighting
 * Level 4.8 Axes
 - Level 2.4 Armour
 - Level 1.2 Dodging
 + Level 3.4 Invocations


You had 3 spell levels left.
You didn't know any spells.
Your spell library contained the following spells:

 Spells                   Type           Power      Damage    Failure   Level
 Beastly Appendage        Tmut           0%         N/A       36%         1
 Wereblood                Tmut           0%         N/A       52%         2
 Spider Form              Tmut/Pois      0%         N/A       75%         3


Dungeon Overview and Level Annotations

Branches:
Dungeon (4/15) Zot: 1711  Ossuary (1/1) Zot: 580
 Temple: D:4-7

Altars:


Innate Abilities, Weirdness & Mutations

You passively map a small area around you.
You are easily found by Zot.
You glow in the dark.
You regain HP and MP as you explore.


Message History

The centaur zombie is severely damaged.
You hit the hobgoblin zombie.
You destroy the hobgoblin zombie!
Lugonu accepts your kill. The centaur zombie closely misses you.
The centaur zombie kicks you but does no damage.
The centaur zombie completely misses you.
The centaur zombie kicks you.
* * * LOW HITPOINT WARNING * * *
Unknown command.
You hit the centaur zombie.
The centaur zombie is severely damaged.
The centaur zombie hits you but does no damage.
The centaur zombie closely misses you.
Unknown command.
The centaur zombie sets off the alarm!
The alarm trap emits a blaring wail!
A sentinel's mark forms upon you. The hobgoblin zombie barely misses you.
Unknown command.
You slash the centaur zombie!
The centaur zombie is almost destroyed.
You hit the mummy. You hit the hobgoblin zombie.
The centaur zombie barely misses you.
The centaur zombie kicks you but does no damage.
A centaur zombie comes into view.
The hobgoblin zombie hits you.
* * * LOW HITPOINT WARNING * * *
The centaur zombie hits you.
* * * LOW HITPOINT WARNING * * *
The centaur zombie kicks you but does no damage.
Unknown command.
You slash the centaur zombie!
You destroy the centaur zombie!
Lugonu accepts your kill.
You hit the hobgoblin zombie. You barely miss the mummy.
The centaur zombie sets off the alarm!
The alarm trap emits a blaring wail!
The mark upon you grows brighter. The mummy hits you!
You die...

#.....#
#.....#
#..∩..#
#.....#
#..∩..#
#.....#
#..^M.#
##..^MM##
#.....@.#
##^..Z.##
#.......
##....^##
#.^.^...
##.....#
*.Z.....
##...^^#


You could see 3 mummies, a hobgoblin zombie and a centaur zombie.

Vanquished Creatures
  A centaur zombie (Ossuary)
  2 adders (D:2)
  A worm (D:2)
  5 orcs (D:3)
  4 ball pythons (D:1)
  5 endoplasms
  3 giant cockroaches
  4 goblins
  4 hobgoblins
  2 kobolds
  2 quokkas (D:1)
  4 bats
  3 frilled lizards
  A hobgoblin zombie (Ossuary)
  3 rats (D:1)
44 creatures vanquished.

Notes
Turn   | Place    | Note
-------+----------+-------------------------------------------
     0 | Abyss:1  | PieDemon the Meteoran Abyssal Knight began the quest for
                  | the Orb.
     0 | Abyss:1  | Reached XP level 1. HP: 19/19 MP: 3/3
     1 | D:1      | Escaped the Abyss
    91 | D:2      | Reached skill level 3 in Axes
    91 | D:2      | Reached XP level 2. HP: 7/26 MP: 5/5
   139 | D:2      | Reached XP level 3. HP: 17/31 MP: 6/6
   202 | D:2      | Reached skill level 4 in Axes
   307 | D:1      | Reached XP level 4. HP: 38/38 MP: 7/7
   353 | D:1      | Reached *** piety under Lugonu
   654 | D:4      | Found a sand-covered staircase.
   678 | Ossuary  | Entered an ossuary
   696 | Ossuary  | Slain by a mummy

Illustrated notes

Levels and vault maps discovered:
D:1:      wander_arrival_estate, layout_loops_ring, minmay_split_cup_small
D:2:      layout_loops_ring, shapermc_ecumenical_altar_pompeii
D:3:      layout_loops_ring, okawaru_altar_gauntlet_db, minmay_misc_feat_pillars
D:4:      layout_cave_pods, mainiacjoe_overflow_small_starburst,
          nicolae_uskayaw_dance_hall, lightli_ossuary_entry_decrepit_ruins
Ossuary:  ossuary_the_hunt_dpeg

Skill      XL: |  1  2  3 |
---------------+----------+-----
Axes           | 3 4 |  4.8
Invocations    | 3 |  3.4
Fighting       | |  3.2
Armour         | |  2.4
Dodging        | |  1.2

Action                   |  1- 3 |  4- 6 || total
-------------------------+-------+-------++-------
Melee: Hand axe          |    52 |    70 ||   122
Throw: Boomerang         |       |     1 ||     1
Invok: Bend Space        |       |     1 ||     1
  Use: Scroll            |       |     1 ||     1
Armor: Leather armour    |    12 |    24 ||    36
Dodge: Dodged            |    27 |    48 ||    75
